 Dungeon Crawl Stone Soup version 0.27-a0-1555-g0e7b3fb1d2 (webtiles) character file.

Game seed: 16785992296765741841

4130 Tocho the Slicer (level 10, 0/74 HPs)
             Began as a Vampire Gladiator on July 14, 2021.
             Was an Elder of Okawaru.
             Killed by vampiric draining
             ... invoked by a vampire
              (11 damage)
             ... on level 8 of the Dungeon.
             The game lasted 00:24:53 (9989 turns).

Tocho the Slicer (Vampire Gladiator)                Turns: 9989, Time: 00:24:54

Health: 0/74       AC: 13    Str: 14    XL:     10   Next: 6%
Magic:  11/11      EV: 14    Int: 13    God:    Okawaru [****..]
Gold:   1238       SH:  0    Dex: 16    Spells: 10/11 levels left

rFire    + . .     SeeInvis +   a - +1 rapier (venom)
rCold    . . .     Faith    .   (no shield)
rNeg     . . .     Spirit   .   b - +3 leather armour
rPois    .         Reflect  .   c - +0 helmet
rElec    .         Harm     .   s - +0 cloak
rCorr    .         Rampage  .   (no gloves)
Will     +....     Rnd*Rage +   y - +0 pair of boots
Stlth    +++.......             v - amulet of the acrobat
HPRegen  0.42/turn              g - +4 ring of protection
MPRegen  0.12/turn              q - +4 ring of slaying

@: healing quickly
A: alive, fangs 3, see invisible, vampiric 2, berserk 1, fire resistance 1, wild
magic 1
a: Exsanguinate, Renounce Religion, Heroism


You were on level 8 of the Dungeon.
You worshipped Okawaru.
Okawaru was greatly pleased with you.
You visited 2 branches of the dungeon, and saw 10 of its levels.

You collected 1238 gold pieces.

Inventory:

Hand Weapons
 a - a +1 rapier of venom (weapon)
 n - a +0 long sword
 D - a +4 shortbow
Missiles
 d - 2 throwing nets (quivered)
 i - 2 curare-tipped darts
 E - 81 arrows
Armour
 b - a +3 leather armour (worn)
 c - a +0 helmet (worn)
 s - a +0 cloak (worn)
 y - a +0 pair of boots (worn)
Jewellery
 f - a ring of positive energy
 g - a +4 ring of protection (left hand)
 q - a +4 ring of slaying (right hand)
 v - an amulet of the acrobat (around neck)
 w - a ring of flight
Wands
 j - a wand of iceblast (22)
 x - a wand of flame (12)
 B - a wand of charming (7)
 I - a wand of polymorph (4)
Scrolls
 k - 3 scrolls of fear
 m - 4 scrolls of teleportation
 p - 3 scrolls of noise
Potions
 e - 4 potions of heal wounds
 h - a potion of might
 l - 3 potions of curing {unknown}
 o - a potion of degeneration {unknown}
 t - 2 potions of lignification {unknown}
 u - a potion of berserk rage {unknown}
 A - a potion of flight {unknown}
 C - a potion of cancellation {unknown}
 F - a potion of attraction {unknown}


   Skills:
 + Level 5.0 Fighting
 * Level 12.1 Short Blades
 + Level 1.6 Throwing
 + Level 3.4 Armour
 + Level 5.7 Dodging
 + Level 5.8 Stealth
 + Level 1.3 Spellcasting
 + Level 2.2 Hexes
 + Level 1.7 Invocations


You had 10 spell levels left.
You knew the following spells:

 Your Spells              Type           Power      Damage    Failure   Level
a - Corona                Hex            8%         N/A       21%         1

Your spell library contained the following spells:

 Spells                   Type           Power      Damage    Failure   Level
 Summon Small Mammal      Summ           4%         N/A       43%         1
 Blink                    Tloc           N/A        N/A       54%         2
 Corpse Rot               Necr/Air       N/A        N/A       54%         2
 Dazzling Flash           Conj/Hex       8%         N/A       63%         3
 Summon Guardian Golem    Hex/Summ       4%         N/A       63%         3
 Call Canine Familiar     Summ           1%         N/A       78%         3
 Animate Dead             Necr           0%         N/A       99%         4
 Dispel Undead            Necr           1%         3d6       99%         4
 Hailstorm                Conj/Ice       1%         3d3       99%         4
 Ice Form                 Ice/Tmut       1%         N/A       99%         4
 Iskenderun's Mystic Bla  Conj/Tloc      1%         2d3       99%         4
 Passage of Golubria      Tloc           N/A        N/A       99%         4
 Manifold Assault         Tloc           1%         N/A       100%        5
 Silence                  Hex/Air        2%         N/A       100%        5
 Death Channel            Necr           0%         N/A       100%        6
 Simulacrum               Ice/Necr       0%         N/A       100%        6
 Starburst                Conj/Fire      0%         8x6d3     100%        6
 Haunt                    Necr/Summ      0%         N/A       100%        7
 Storm Form               Tmut/Air       0%         N/A       100%        7
 Infestation              Necr           0%         N/A       100%        8
 Lehudib's Crystal Spear  Conj/Erth      0%         10d2      100%        8


Dungeon Overview and Level Annotations

Branches:
Dungeon (9/15)             Temple (1/1) D:4
   Lair: D:8-11         Orc: D:9-12

Altars:
Ashenzari
Cheibriados
Dithmenos
Elyvilon
Hepliaklqana
Nemelex Xobeh
Okawaru
Qazlal
Ru
Sif Muna
Trog
Vehumet
Wu Jian
Xom
Yredelemnul
Zin
The Shining One

Shops:
D:2 [   D:5 *


Innate Abilities, Weirdness & Mutations

Your natural rate of healing is accelerated.
You have razor-sharp teeth.
You have supernaturally acute eyesight. (SInv)
You are afflicted with vampirism and can become a bat while bloodless.
You tend to lose your temper in combat.
Your flesh is heat resistant. (rF+)
Your spells are a little harder to cast, but a little more powerful.


Message History

You hit the yak.
The yak is moderately wounded.
The yak closely misses you.
You hit the yak but do no damage.
The yak looks as sick as possible!
You bite the yak.
The yak is heavily wounded.
The vampire hits you.
The vampire bites you but does no damage.
Unknown command.
You puncture the yak!
The yak looks as sick as possible!
You bite the yak.
You kill the yak!
Okawaru accepts your kill.
The vampire hits you but does no damage.
The vampire bites you but does no damage.
You puncture the vampire!
The vampire is moderately damaged.
You hit the vampire.
The vampire is heavily damaged.
The vampire gestures at you while chanting.
You are confused.
You bump into the rock wall.
The vampire hits you. The vampire closely misses you.
You puncture the vampire!
The vampire is severely damaged.
You bump into the rock wall.
The vampire hits you. The vampire barely misses you.
You bump into the rock wall.
The vampire misses you. The vampire bites you.
The vampire draws strength from your injuries!
You bump into the rock wall.
The vampire hits you but does no damage.
The vampire misses you.
You bump into the rock wall.
You feel less confused. The vampire draws life force from you!
* * * LOW HITPOINT WARNING * * *
The vampire is healed by the life force!
You puncture the vampire! You bite the vampire.
The vampire is almost destroyed.
The vampire draws life force from you!
You die...

#.#
##################
#.# #.#
#................#
#.# #.#
#.##############.#
#.# #.#####.# #.#
#.# .#......#####
######.#####.#
#...........#
#............#
###########.#
#.####.#######
#.#####V# #.#
#.....@)#
#.##########
#########
#...........
############


You could see a vampire.

Vanquished Creatures
  A yak (D:8)
  A wyvern (D:8)
  4 water moccasins
  2 orc warriors
  A sky beast (D:8)
  5 ogres
  A necrophage (D:5)
  3 centaurs
  2 kobold brigands (D:8)
  A phantom (D:5)
  2 bullfrogs
  A wyvern zombie (D:7)
  5 scorpions
  3 water moccasin zombies (D:4)
  2 water moccasin skeletons (D:4)
  3 killer bees (D:7)
  4 wights (D:8)
  2 howler monkeys (D:7)
  A bullfrog skeleton (D:6)
  2 jellies
  Crazy Yiuf (D:3)
  5 orc priests
  2 gnoll shamans
  3 iguanas
  A scorpion zombie (D:4)
  11 orc wizards
  3 hound zombies (D:4)
  5 adders
  9 gnolls
  2 river rats (D:4)
  2 shadow imps (D:5)
  A white imp (D:5)
  An ufetubus (D:5)
  3 adder zombies (D:4)
  5 dart slugs
  31 orcs
  5 endoplasms
  10 giant cockroaches
  6 goblins
  8 hobgoblins
  9 jackals
  A quokka (D:1)
  6 ball pythons
  6 frilled lizards
  16 kobolds
  A quokka skeleton (D:4)
  8 rats
207 creatures vanquished.

Vanquished Creatures (others)
  An orc wizard (D:6)
  2 withered plants (D:4)
3 creatures vanquished.

Grand Total: 210 creatures vanquished

Notes
Turn   | Place    | Note
-------+----------+-------------------------------------------
     0 | D:1      | Tocho the Vampire Gladiator began the quest for the Orb.
     0 | D:1      | Reached XP level 1. HP: 16/16 MP: 1/1
   180 | D:1      | Reached XP level 2. HP: 19/22 MP: 2/2
   529 | D:1      | Found a faded altar of an unknown god.
   579 | D:1      | Got Plato's Papyrus of Enchantment
   880 | D:2      | Reached skill level 4 in Short Blades
  1029 | D:2      | Found an iron altar of Okawaru.
  1061 | D:2      | Became a worshipper of Warmaster Okawaru
  1158 | D:2      | Gained mutation: You are afflicted with vampirism and can
                  | become a bat while bloodless. [Vampire growth]
  1158 | D:2      | Reached XP level 3. HP: 26/27 MP: 3/3
  1231 | D:2      | Found Tysaq's Armour Shoppe.
  1796 | D:3      | Found a broken altar of Ashenzari.
  1873 | D:3      | Found a bloodstained altar of Trog.
  2037 | D:3      | Found a runed translucent door.
  2038 | D:3      | Noticed Crazy Yiuf
  2097 | D:3      | Found a basalt altar of Yredelemnul.
  2863 | D:3      | Learned a level 1 spell: Corona
  2866 | D:3      | Reached XP level 4. HP: 33/33 MP: 2/4
  2954 | D:3      | Reached skill level 1 in Stealth
  2963 | D:3      | Reached skill level 1 in Armour
  3367 | D:3      | Reached skill level 5 in Short Blades
  3443 | D:3      | Killed Crazy Yiuf
  3444 | D:3      | Reached XP level 5. HP: 22/38 MP: 2/5
  3670 | D:4      | Reached XP level 6. HP: 46/46 MP: 6/6
  3789 | D:4      | Reached skill level 6 in Short Blades
  3841 | D:4      | Reached * piety under Okawaru
  3952 | D:4      | Found a staircase to the Ecumenical Temple.
  3982 | Temple   | Entered the Ecumenical Temple
  4246 | D:4      | Reached XP level 7. HP: 51/51 MP: 7/7
  4289 | D:4      | Found a snail-covered altar of Cheibriados.
  4426 | D:4      | You fall into a shaft and drop 3 floors!
  4434 | D:7      | Reached skill level 7 in Short Blades
  4457 | D:6      | Reached ** piety under Okawaru
  4872 | D:6      | Reached skill level 8 in Short Blades
  5219 | D:5      | Entered Level 5 of the Dungeon
  5272 | D:5      | Reached XP level 8. HP: 21/58 MP: 8/8
  5464 | D:5      | Reached skill level 9 in Short Blades
  5535 | D:5      | Found a sand-covered staircase.
  5612 | D:5      | Found Nawem's General Store.
  5692 | D:5      | Gained mutation: You are frail. (-10% HP) [potion of
                  | mutation]
  5692 | D:5      | Gained mutation: You have large cloven feet. [potion of
                  | mutation]
  5693 | D:5      | Lost mutation: You are frail. (-10% HP) [potion of
                  | mutation]
  5693 | D:5      | Lost mutation: You have large cloven feet. [potion of
                  | mutation]
  5693 | D:5      | Gained mutation: Your flesh is heat resistant. (rF+)
                  | [potion of mutation]
  5693 | D:5      | Gained mutation: You tend to lose your temper in combat.
                  | [potion of mutation]
  5693 | D:5      | Gained mutation: Your spells are a little harder to cast,
                  | but a little more powerful. [potion of mutation]
  5932 | D:5      | Reached skill level 5 in Dodging
  6061 | D:5      | Found an ornate altar of the Wu Jian Council.
  6183 | D:5      | Reached skill level 5 in Stealth
  6234 | D:5      | Reached skill level 1 in Hexes
  6584 | D:4      | Reached skill level 1 in Spellcasting
  7218 | D:6      | Reached skill level 10 in Short Blades
  7218 | D:6      | Reached XP level 9. HP: 65/65 MP: 7/10
  7534 | D:6      | Reached *** piety under Okawaru
  7873 | D:7      | Noticed an angel
  8049 | D:7      | Reached skill level 11 in Short Blades
  8269 | D:7      | Found an iron altar of Okawaru.
  8636 | D:7      | Identified a scroll of acquirement
  8636 | D:7      | Acquired 921 gold pieces
  8778 | D:8      | Reached **** piety under Okawaru
  8811 | D:8      | Reached skill level 1 in Invocations
  8915 | D:8      | Reached skill level 12 in Short Blades
  9102 | D:8      | Reached skill level 5 in Fighting
  9102 | D:8      | Reached XP level 10. HP: 74/74 MP: 11/11
  9388 | D:8      | Found a sparkling altar of Nemelex Xobeh.
  9598 | D:9      | Noticed a centaur warrior
  9989 | D:8      | Killed from afar by a vampire

Illustrated notes

Levels and vault maps discovered:
D:1:      dpeg_arrival_tiny_d, layout_loops_corners,
          shapermc_ecumenical_altar_rom_forum, minmay_fountain_box
D:2:      layout_loops_ring, serial_shops, shop, basic_altar
D:3:      layout_loops_corners, mainiacjoe_overflow_alcove_2,
          mainiacjoe_overflow_concentric_impassable, nicolae_ashenzari_skybound,
          serial_rivers, chequers_serial_rivers_micro_d,
          chequers_serial_rivers_small_b, chequers_serial_rivers_room_b,
          chequers_serial_rivers_small_b, chequers_serial_rivers_micro_b,
          uniq_crazy_yiuf_cottage
D:4:      layout_loops_ring, cheibriados_altar_1,
          minmay_temple_entry_large_hall, serial_undead, serial_undead_a,
          serial_undead_c, serial_undead_e, serial_undead_e, serial_undead_b,
          serial_undead_e, portal_sewer_entry_b
D:5:      lemuel_ice_spiral_2, layout_basic,
          nicolae_wu_jian_immortal_techniques, enter_ossuary_5, serial_shops,
          kennysheep_mini_moat, ebering_dispersal_statue_hall,
          minmay_statues_item, minmay_circle_x
D:6:      layout_loops_corners, hangedman_decor_riveting, grunt_ministairs_3,
          minmay_misc_feat_columns
D:7:      layout_cave_pools, zin_angel, mainiacjoe_overflow_catwalk
D:8:      layout_loops_ring, nemelex_diamond_rough_becter
D:9:      layout_big_octagon, nicolae_gozag_seed_capital, fedhas_altar_1,
          hive_lemuel, uniq_erica
Temple:   nicolae_temple_figure_zero

Skill      XL: |  1  2  3  4  5  6  7  8  9 |
---------------+----------------------------+-----
Short Blades   | 4 5 6 8 10 12 | 12.1
Fighting       | 2 3 5 |  5.0
Stealth        | 2 4 5 |  5.8
Armour         | 1 2 3 |  3.4
Dodging        | 4 5 |  5.7
Hexes          | 2 |  2.2
Spellcasting   | 1 |  1.3
Invocations    | 1 |  1.7
Throwing       | |  1.6

Action                   |  1- 3 |  4- 6 |  7- 9 | 10-12 || total
-------------------------+-------+-------+-------+-------++-------
Melee: Rapier            |   159 |   140 |   429 |    23 ||   751
       Bite              |    14 |    10 |    51 |     7 ||    82
       Punch             |       |       |     3 |       ||     3
Throw: Throwing net      |       |       |     3 |       ||     3
 Cast: Corona            |     1 |     1 |     7 |       ||     9
Invok: Heroism           |       |       |    10 |     1 ||    11
  Use: Scroll            |     8 |     2 |    10 |       ||    20
       Potion            |       |       |     4 |       ||     4
 Stab: Sleeping          |     3 |     2 |     7 |       ||    12
       Held in net/web   |       |       |     3 |       ||     3
       Distracted        |       |       |     1 |       ||     1
Armor: Leather armour    |    38 |    37 |   110 |    21 ||   206
Dodge: Dodged            |    95 |    68 |   229 |    37 ||   429

Table legend: (Time is in decaauts)
 A = Elapsed time spent in this place.
 B = Non-inter-level travel time spent in this place.
 C = Inter-level travel time spent in this place.
 D = Time resting spent in this place.
 E = Time spent auto-exploring this place.
 F = Levels seen in this place.
 G = Mean time per level.
                   A        B        C        D        E       F      G
               +--------+--------+--------+--------+--------+-----+--------+
         Total |   9852 |   9517 |    335 |   2252 |   5589 |  10 |  985.2 |
       Dungeon |   9659 |   9372 |    287 |   2252 |   5476 |   9 | 1073.2 |
        Temple |    192 |    144 |     48 |      0 |    113 |   1 |  192.0 |
               +--------+--------+--------+--------+--------+-----+--------+

Top non-repeatable levels by time:
     D:3: 1990 daAuts
     D:6: 1377 daAuts
     D:8: 1288 daAuts
     D:5: 1263 daAuts
     D:4: 1203 daAuts
     D:7: 972 daAuts
     D:1: 876 daAuts
     D:2: 669 daAuts
  Temple: 192 daAuts
     D:9: 17 daAuts
